 Dungeon Crawl Stone Soup version 0.28-a0-533-g9f97627e2a (webtiles) character file.

Game seed: 1876943471628133388

120 sleeves the Insei (level 5, -7/34 (37) HPs)
             Began as a Merfolk Transmuter on Sept 25, 2021.
             Mangled by Edmund (11 damage)
             ... on level 3 of the Dungeon.
             The game lasted 00:04:15 (3200 turns).

sleeves the Insei (Merfolk Transmuter)              Turns: 3200, Time: 00:04:15

HP:   -7/34 (37)    AC:  3    Str: 12    XL:     5   Next: 4%
MP:   8/8           EV: 12    Int: 12    God:
Gold: 101           SH:  0    Dex: 14    Spells: 4/8 levels left

rFire   . . .      SeeInvis .     - Unarmed
rCold   . . .      Faith    .   (no shield)
rNeg    . . .      Spirit   .   a - +0 robe
rPois   .          Reflect  .   (no helmet)
rElec   .          Harm     .   c - +0 cloak
rCorr   +          Rampage  .   (no gloves)
Will    .....                   (no boots)
Stlth   +.........              (no amulet)
HPRegen 0.11/turn               b - ring of resist corrosion
MPRegen 0.11/turn               (no ring)

@: drained
A: (nimble swimmer 2), mertail
a: no special abilities


You were on level 3 of the Dungeon.
You visited 1 branch of the dungeon, and saw 4 of its levels.

You collected 101 gold pieces.

Inventory:

Armour
 a - a +0 robe (worn)
 c - a +0 cloak (worn)
   (You found it on level 1 of the Dungeon)
Jewellery
 b - a ring of resist corrosion (left hand)
   (You found it on level 1 of the Dungeon)
Scrolls
 d - 3 scrolls of blinking {unknown}
 e - a scroll of brand weapon {unknown}
 f - 3 scrolls of identify {unknown}
 l - a scroll of teleportation {unknown}
Potions
 g - a potion of cancellation {unknown}
 h - a potion of lignification {unknown}
 i - a potion of curing {unknown}
 j - 2 potions of invisibility {unknown}
 k - 2 potions of attraction {unknown}
 m - a potion of brilliance {unknown}


   Skills:
 - Level 1.1 Fighting
 - Level 2.6 Dodging
 * Level 5.3 Unarmed Combat
 - Level 2.0 Spellcasting
 + Level 4.3 Transmutations


You had 4 spell levels left.
You knew the following spells:

 Your Spells              Type           Power      Damage    Failure   Level
a - Beastly Appendage     Tmut           22%        N/A       4%          1
b - Spider Form           Tmut/Pois      3%         N/A       32%         3

Your spell library contained the following spells:

 Spells                   Type           Power      Damage    Failure   Level
 Wereblood                Tmut           11%        N/A       7%          2
 Apportation              Tloc           2%         N/A       26%         1
 Inner Flame              Hex/Fire       1%         N/A       63%         3
 Lesser Beckoning         Tloc           1%         N/A       63%         3
 Ice Form                 Ice/Tmut       6%         N/A       73%         4
 Cause Fear               Hex            0%         N/A       95%         4
 Iskenderun's Mystic Bla  Conj/Tloc      1%         2d3       95%         4
 Discord                  Hex            0%         N/A       100%        8


Dungeon Overview and Level Annotations

Branches:
Dungeon (4/15)
 Temple: D:4-7

Altars:
The Shining One

Shops:
D:1 (   D:4 =

Annotations:
D:3 Edmund


Innate Abilities, Weirdness & Mutations

((You are quick and stealthy near water. (Stealth+, EV+, Speed+++)))
Your lower body shifts to a powerful aquatic tail in water.


Message History

c - a +0 cloak You start putting on your armour.
You continue putting on your +0 cloak. x4
You finish putting on your +0 cloak.
d - a scroll labelled ZUILLU URUNO
Found a ring mail.
A bat comes into view.
Found 14 stones.
A bat is nearby!
You grow a pair of large bovine horns.
Found a scroll labelled EDABAE VETO.
The bat barely misses you. The bat hits you.
You completely miss the bat. Your headbutt misses the bat.
Your punch misses the bat. The bat misses you. The bat closely misses you.
The bat hits you but does no damage. The bat hits you but does no damage.
The bat barely misses you. The bat hits you but does no damage.
The bat closely misses you. x2
You closely miss the bat. The bat hits you but does no damage.
The bat barely misses you.
You hit the bat but do no damage. The bat closely misses you.
The bat closely misses you.
You closely miss the bat.
Your transformation is almost over.
The bat closely misses you. The bat closely misses you.
You barely miss the bat. The bat closely misses you.
A frilled lizard and a ball python come into view.
The ball python hisses angrily.
The bat closely misses you. The bat closely misses you.
You hit the bat.
You kill the bat!
You closely miss the ball python. The ball python bites you.
The ball python barely misses you.
You closely miss the ball python. You headbutt the ball python.
You kill the ball python!
You hit the frilled lizard.
You kill the frilled lizard!
No target in view!
No target in view!
No target in view!
Your horns disappear.
You now have 18 gold pieces (gained 12).
Things that are here:
a +0 ring mail; a bat corpse
e - a scroll labelled EDABAE VETO
Found a stone staircase leading down.
Found 24 stones.
You see here 24 stones.
You see here 24 stones.
There is a stone staircase leading down here.
A rat comes into view.
You see here a scroll labelled KEIRPHE TUTWE.
You grow a pair of large bovine horns.
A kobold comes into view. It is wielding a +0 short sword.
A dart slug comes into view.
The kobold shouts!
The rat barely misses you.
You closely miss the rat. You headbutt the rat.
You kill the rat!
You barely miss the kobold. Your headbutt misses the kobold.
Your transformation is almost over.
The kobold hits you with a +0 short sword.
You barely miss the kobold.
The kobold hits you with a +0 short sword.
You hit the kobold. Your headbutt misses the kobold.
The kobold is moderately wounded.
The kobold hits you with a +0 short sword.
You are too injured to fight recklessly!
You are too injured to fight recklessly!
You closely miss the kobold.
The kobold is moderately wounded.
The kobold hits you but does no damage.
You barely miss the kobold.
The kobold is moderately wounded.
The kobold closely misses you.
You hit the kobold.
You kill the kobold!
The dart slug launches a dart at you. The slug dart misses you.
You hit the dart slug. You headbutt the dart slug.
The dart slug is moderately wounded.
The dart slug barely misses you.
You hit the dart slug.
The dart slug is almost dead.
The dart slug launches a dart at you.
The slug dart hits you but does no damage.
You barely miss the dart slug.
The dart slug is almost dead.
You hit the dart slug.
You kill the dart slug!
Your horns disappear.
Your Unarmed Combat skill increases to level 4!
You see here a dart slug corpse.
f - a scroll labelled KEIRPHE TUTWE You start resting.
HP restored.
A rat comes into view.
A rat is nearby!
A rat is nearby!
A rat is nearby!
You grow a pair of large bovine horns.
You completely miss the rat. The rat closely misses you.
You hit the rat.
You kill the rat!
No target in view!
No target in view!
Your transformation is almost over.
Magic restored.
Your horns disappear.
A bat comes into view.
The bat hits you.
A bat is nearby!
A bat is nearby!
A bat is nearby!
The bat hits you but does no damage.
You barely miss the bat. The bat closely misses you.
A giant cockroach comes into view.
The bat hits you.
You hit the giant cockroach.
The giant cockroach is almost dead.
The bat closely misses you.
The giant cockroach bites you but does no damage.
You hit the giant cockroach but do no damage.
The giant cockroach is almost dead.
The bat hits you but does no damage. x2; The giant cockroach barely misses you.
You barely miss the giant cockroach. You punch the giant cockroach.
You kill the giant cockroach!
The bat misses you. The bat hits you but does no damage.
You miscast Beastly Appendage.
You are very lightly contaminated with residual magic.
Nothing appears to happen.
The bat hits you but does no damage.
You punch the bat!
You kill the bat!
No target in view!
No target in view!
Your magical contamination has completely faded away.
Found an escape hatch in the floor.
There is an escape hatch in the floor here.
A kobold comes into view. It is wielding a +0 short sword.
You grow a pair of large bovine horns.
The kobold shouts!
A rat comes into view.
Found a stone staircase leading down.
The kobold hits you with a +0 short sword.
You miss the kobold. The kobold misses you.
You hit the kobold. You headbutt the kobold.
You kill the kobold!
No target in view!
No target in view!
No target in view!
A rat is nearby!
The rat bites you but does no damage.
Things that are here:
a +0 short sword; a kobold corpse You hit the rat.
You kill the rat!
No target in view!
No target in view!
Your transformation is almost over.
You see here a rat corpse.
Your horns disappear.
Things that are here:
a +0 short sword; a kobold corpse
There is a stone staircase leading down here.
You now have 30 gold pieces (gained 12).
You open the door. 2 goblins come into view.
Found a ring mail.
There are monsters nearby!
You grow a pair of large bovine horns.
The goblin shouts!
The goblin throws a stone.
The stone hits you.
No reachable target in view!
Your transformation is almost over.
Your horns disappear.
There is an open door here.
You open the door.
There is an open door here.
You open the door.
The goblin throws a stone.
The stone barely misses you.
There is an open door here.
You hit the goblin.
You kill the goblin!
You punch the goblin!
You kill the goblin!
You have reached level 3!
Your experience leads to an increase in your attributes!
Increase (S)trength, (I)ntelligence, or (D)exterity?
You feel stronger.
You see here 50 stones.
There is an open door here.
There is an open door here.
You open the door.
There is an open door here.
You open the door.
A kobold comes into view. It is wielding a +0 mace.
The kobold shouts!
There is an open door here.
A kobold is nearby!
A kobold is nearby!
You hit the kobold but do no damage. The kobold hits you with a +0 mace.
You hit the kobold.
You kill the kobold!
No target in view!
No target in view!
Things that are here:
a +0 mace; a kobold corpse
g - a green potion
There is an open door here.
There is an open door here.
There is an open door here.
h - a red potion A frilled lizard comes into view.
The frilled lizard hisses angrily.
A frilled lizard is nearby!
A frilled lizard is nearby!
A frilled lizard is nearby!
You hit the frilled lizard.
You kill the frilled lizard!
No target in view!
No target in view!
You see here a frilled lizard corpse.
i - a purple potion You now have 44 gold pieces (gained 14).
Done exploring.
Done exploring.
Done exploring.
Done exploring.
Done exploring.
(D) Dungeon
Where to? (Enter - D:1 @ (x,y), ? - help)
What level of the Dungeon? (default 1, ? - help)
What level of the Dungeon? (default 2 @ (x,y), ? - help)
Okay, then.
Unknown command.
(D) Dungeon
Where to? (Enter - D:1 @ (x,y), ? - help)
There is a stone staircase leading down here.
You climb downwards.
The endoplasm quivers.
Found a book of Hexes and 17 stones.
There is a stone staircase leading up here.
An endoplasm is nearby!
An endoplasm is nearby!
An endoplasm is nearby!
You completely miss the endoplasm. You punch the endoplasm.
The endoplasm is heavily wounded.
You hit the endoplasm.
You kill the endoplasm!
No target in view!
No target in view!
There is a stone staircase leading up here.
You pick up a book of Hexes and begin reading...
You add the spells Inner Flame, Cause Fear and Discord to your library.
There is a stone staircase leading up here.
A hobgoblin comes into view.
A hobgoblin is nearby!
A hobgoblin is nearby!
A hobgoblin is nearby!
The hobgoblin shouts!
The hobgoblin hits you.
You barely miss the hobgoblin.
The hobgoblin hits you but does no damage.
You hit the hobgoblin.
The hobgoblin is almost dead.
The hobgoblin closely misses you.
You closely miss the hobgoblin.
The hobgoblin is almost dead.
The hobgoblin hits you but does no damage.
You hit the hobgoblin but do no damage.
The hobgoblin is almost dead.
The hobgoblin hits you.
You barely miss the hobgoblin.
The hobgoblin is almost dead.
The hobgoblin hits you.
A hobgoblin is nearby!
You hit the hobgoblin.
You kill the hobgoblin!
Key pressed, stopping explore.
No target in view!
No target in view!
HP restored.
You see here 17 stones.
An adder skeleton comes into view.
An adder skeleton is nearby!
An adder skeleton is nearby!
Found an escape hatch in the floor.
The adder skeleton closely misses you.
You hit the adder skeleton.
The adder skeleton is lightly damaged.
The adder skeleton bites you.
You punch the adder skeleton!
The adder skeleton is heavily damaged.
The adder skeleton closely misses you.
You barely miss the adder skeleton. You punch the adder skeleton.
The adder skeleton is almost destroyed.
The adder skeleton closely misses you.
You hit the adder skeleton.
You destroy the adder skeleton!
No target in view!
No target in view!
A goblin comes into view. It is wielding a +0 club.
The goblin shouts!
The goblin unwields a +0 club.
The goblin wields a +0 hunting sling.
The goblin shoots a stone.
The stone misses you.
A goblin is nearby!
A goblin is nearby!
A goblin is nearby!
Found a glowing golden altar of the Shining One.
The goblin unwields a +0 hunting sling.
The goblin wields a +0 club.
The goblin hits you but does no damage.
You closely miss the goblin. The goblin closely misses you.
You hit the goblin.
You kill the goblin!
No target in view!
No target in view!
Found a stone staircase leading down.
Things that are here:
a +0 club; a +0 hunting sling; 14 stones
j - a murky amethyst potion
Found an escape hatch in the ceiling.
No target in view!
No target in view!
k - a golden potion A goblin comes into view.
It is wielding a +0 club.
The goblin shouts!
A goblin is nearby!
The goblin hits you with a +0 club.
You hit the goblin.
The goblin is moderately wounded.
The goblin hits you with a +0 club.
You hit the goblin.
You kill the goblin!
No target in view!
Found a stone staircase leading down.
There is a stone staircase leading down here.
A ball python comes into view.
A ball python is nearby!
A ball python is nearby!
A ball python is nearby!
A ball python is nearby!
A ball python is nearby!
Casting: Beastly Appendage (safe; 6% risk of failure)
Confirm with . or Enter, or press ? or * to list all spells.
You grow a pair of large bovine horns.
The ball python hisses angrily.
You hit the ball python.
You kill the ball python!
No target in view!
No target in view!
No target in view!
Your transformation is almost over.
Magic restored.
You see here a ball python corpse.
An endoplasm comes into view.
An endoplasm is nearby!
An endoplasm is nearby!
An endoplasm is nearby!
The endoplasm quivers.
The endoplasm freezes you.
You are frozen.
You hit the endoplasm.
The endoplasm is almost dead.
The endoplasm barely misses you.
You hit the endoplasm.
You kill the endoplasm!
Your horns disappear.
No target in view!
No target in view!
Found a stone staircase leading down.
A worm comes into view.
A worm is nearby!
Casting: Beastly Appendage (safe; 6% risk of failure)
Confirm with . or Enter, or press ? or * to list all spells.
You grow a pair of large bovine horns.
Your transformation is almost over.
You hit the worm but do no damage. You punch the worm.
The worm is moderately wounded.
You hit the worm. You headbutt the worm.
The worm is severely wounded.
The worm closely misses you.
You completely miss the worm.
The worm is heavily wounded.
You barely miss the worm. You headbutt the worm!
You kill the worm!
No target in view!
No target in view!
You see here a worm corpse.
Your horns disappear.
You now have 50 gold pieces (gained 6).
There is an escape hatch in the floor here.
Key pressed, stopping explore.
An endoplasm comes into view.
The endoplasm quivers.
An endoplasm is nearby!
An endoplasm is nearby!
Casting: Beastly Appendage (safe; 6% risk of failure)
Confirm with . or Enter, or press ? or * to list all spells.
You grow a pair of large bovine horns.
No target in view!
No target in view!
No target in view!
An endoplasm is nearby!
An endoplasm is nearby!
The endoplasm freezes you.
You are frozen.
You hit the endoplasm.
The endoplasm is heavily wounded.
The endoplasm completely misses you.
You hit the endoplasm.
You kill the endoplasm!
No target in view!
No target in view!
Your transformation is almost over.
Your horns disappear.
l - a scroll labelled APSAORUUJU You now have 63 gold pieces (gained 13).
A goblin, a hobgoblin and a kobold come into view.
There are monsters nearby!
Casting: Beastly Appendage (safe; 6% risk of failure)
Confirm with . or Enter, or press ? or * to list all spells.
You grow a pair of large bovine horns.
The goblin shouts!
The kobold shouts!
A bat comes into view.
The kobold throws a stone.
The stone hits you but does no damage.
The bat moves out of view.
An endoplasm comes into view.
The endoplasm quivers.
The hobgoblin shouts!
You hit the kobold.
The kobold is moderately wounded.
The kobold hits you but does no damage.
You hit the kobold.
You kill the kobold!
The endoplasm freezes you.
You are frozen.
You hit the endoplasm but do no damage. You headbutt the endoplasm.
The endoplasm is moderately wounded.
The endoplasm misses you.
You hit the endoplasm.
The endoplasm is heavily wounded.
The hobgoblin closely misses you.
The endoplasm hits you but does no damage.
The goblin barely misses you.
You barely miss the endoplasm.
The endoplasm is heavily wounded.
The hobgoblin misses you.
The endoplasm hits you but does no damage.
The goblin barely misses you.
You hit the endoplasm.
The endoplasm is almost dead.
The hobgoblin barely misses you. The endoplasm freezes you.
You are frozen.
The goblin hits you with a +0 dagger.
You hit the endoplasm.
You kill the endoplasm!
Your transformation is almost over.
The bat barely misses you. The bat closely misses you.
The hobgoblin barely misses you. The goblin hits you but does no damage.
You hit the hobgoblin but do no damage. You headbutt the hobgoblin.
You kill the hobgoblin!
The bat hits you. The goblin closely misses you.
You hit the goblin but do no damage. The bat closely misses you.
The bat closely misses you. The goblin hits you but does no damage.
The bat closely misses you. The bat barely misses you.
The bat hits you but does no damage.
You hit the bat.
The bat is severely wounded.
The bat hits you but does no damage. x2
You hit the bat but do no damage.
The bat is severely wounded.
The bat hits you but does no damage.
Your horns disappear.
The bat barely misses you. The goblin hits you with a +0 dagger.
You are too injured to fight recklessly!
You are too injured to fight recklessly!
You are too injured to fight recklessly!
You are too injured to fight recklessly!
You are too injured to fight recklessly!
You are too injured to fight recklessly!
You are too injured to fight recklessly!
You hit the goblin.
The goblin is severely wounded.
The goblin hits you but does no damage. The bat barely misses you.
You barely miss the goblin.
The goblin is severely wounded.
The bat hits you but does no damage. The goblin barely misses you.
You hit the goblin.
You kill the goblin!
The bat hits you but does no damage. The bat closely misses you.
You hit the bat but do no damage.
The bat is severely wounded.
The bat closely misses you. The bat barely misses you.
You miss the bat.
The bat is severely wounded.
The bat closely misses you. The bat misses you.
You hit the bat.
You kill the bat!
Things that are here:
a +0 short sword; 4 stones; a kobold corpse
Found 20 arrows and a hand axe.
m - a viscous cyan potion
Found 20 arrows.
Found a stone staircase leading up.
You now have 68 gold pieces (gained 5).
There is a stone staircase leading up here.
A ball python comes into view.
A ball python is nearby!
A ball python is nearby!
A ball python is nearby!
A ball python is nearby!
A hobgoblin comes into view.
The hobgoblin shouts!
You closely miss the ball python.
The ball python bites you but does no damage.
The ball python barely misses you.
You closely miss the ball python.
The ball python bites you but does no damage.
The ball python misses you.
You punch the ball python!
You kill the ball python!
You hit the hobgoblin.
The hobgoblin is moderately wounded.
The hobgoblin misses you.
You closely miss the hobgoblin.
The hobgoblin is moderately wounded.
The hobgoblin hits you but does no damage.
You hit the hobgoblin.
You kill the hobgoblin!
No target in view!
No target in view!
Found a long sword.
An endoplasm comes into view.
An endoplasm is nearby!
An endoplasm is nearby!
The helpless endoplasm fails to defend itself.
You hit the endoplasm.
The endoplasm is severely wounded.
The endoplasm freezes you.
You are frozen.
You hit the endoplasm.
The endoplasm is almost dead.
You barely miss the endoplasm.
The endoplasm is almost dead.
The endoplasm freezes you.
You are frozen.
You barely miss the endoplasm.
The endoplasm is almost dead.
The endoplasm freezes you.
You are frozen.
You hit the endoplasm.
You kill the endoplasm!
No target in view!
Casting: Beastly Appendage (safe; 6% risk of failure)
Confirm with . or Enter, or press ? or * to list all spells.
You grow a pair of large bovine horns.
Your transformation is almost over.
Your horns disappear.
Found a hunting sling.
d - 2 scrolls labelled ZUILLU URUNO (gained 1)
You now have 79 gold pieces (gained 11).
You now have 88 gold pieces (gained 9).
Found a stone staircase leading up.
There is a stone staircase leading up here.
You see here a +0 hunting sling.
You see here a +0 hunting sling.
Found a faded altar of an unknown god.
You are caught in the web!
There is a web here.
You disentangle yourself.
f - 2 scrolls labelled KEIRPHE TUTWE (gained 1)
You pick your way through the web.
There is a web here.
Done exploring.
Done exploring.
Done exploring.
Done exploring.
Done exploring.
(D) Dungeon
Where to? (Enter - D:2, ? - help)
There is a stone staircase leading down here.
You climb downwards.
Found a golden potion.
There is a stone staircase leading up here.
k - 2 golden potions (gained 1)
A hobgoblin comes into view.
A hobgoblin is nearby!
A hobgoblin is nearby!
Casting: Beastly Appendage (safe; 6% risk of failure)
Confirm with . or Enter, or press ? or * to list all spells.
You grow a pair of large bovine horns.
The hobgoblin shouts!
You hear a shout!
The hobgoblin hits you but does no damage.
You barely miss the hobgoblin. You hit the hobgoblin.
The hobgoblin is heavily wounded.
The hobgoblin closely misses you.
You completely miss the hobgoblin.
The hobgoblin is heavily wounded.
You hit the hobgoblin.
You kill the hobgoblin!
Your transformation is almost over.
A hobgoblin comes into view.
The hobgoblin shouts!
You hit the hobgoblin but do no damage. The hobgoblin hits you.
A hobgoblin is nearby!
You hit the hobgoblin.
The hobgoblin is heavily wounded.
The hobgoblin barely misses you.
You barely miss the hobgoblin. You headbutt the hobgoblin.
The hobgoblin is severely wounded.
The hobgoblin barely misses you.
You hit the hobgoblin.
You kill the hobgoblin!
No target in view!
No target in view!
Your horns disappear.
HP restored.
Found 3 javelins.
You see here a hobgoblin corpse.
You see here a hobgoblin corpse.
A ball python comes into view.
A ball python is nearby!
A ball python is nearby!
The ball python hisses angrily.
The ball python barely misses you. x2
Casting: Beastly Appendage (safe; 6% risk of failure)
Confirm with . or Enter, or press ? or * to list all spells.
You grow a pair of large bovine horns.
The ball python bites you but does no damage.
The ball python grabs you. The ball python constricts you.
You hit the ball python.
The ball python is moderately wounded.
The ball python bites you but does no damage.
The ball python constricts you.
You hit the ball python but do no damage.
You headbutt the ball python.
You kill the ball python!
No target in view!
No target in view!
Your transformation is almost over.
Magic restored.
A bat comes into view.
A bat is nearby!
A bat is nearby!
Found a scroll labelled KEIRPHE TUTWE.
The bat hits you.
Your horns disappear.
The bat barely misses you. The bat hits you but does no damage. x2
You hit the bat.
The bat is moderately wounded.
The bat misses you. The bat completely misses you.
You closely miss the bat.
The bat is moderately wounded.
The bat hits you but does no damage. The bat closely misses you.
You hit the bat.
You kill the bat!
No target in view!
No target in view!
f - 3 scrolls labelled KEIRPHE TUTWE (gained 1)
You open the door.
A ball python comes into view.
Found the Grimoire of the Shark.
A ball python is nearby!
A ball python is nearby!
A ball python is nearby!
The ball python closely misses you. The ball python misses you.
There is an open door here.
You closely miss the ball python. The ball python misses you. x2
You closely miss the ball python. The ball python barely misses you.
The ball python misses you.
You hit the ball python.
You kill the ball python!
You have reached level 4!
A rat comes into view.
Found a stone staircase leading down.
Found a stone staircase leading up.
You see here the Grimoire of the Shark.
You hit the rat but do no damage. The rat barely misses you.
You barely miss the rat. The rat bites you but does no damage.
You hit the rat.
You kill the rat!
No target in view!
No target in view!
You pick up the Grimoire of the Shark and begin reading...
You add the spells Apportation, Lesser Beckoning and Iskenderun's Mystic Blast to your library.
Okay, then.
There is a stone staircase leading down here.
Found a stone staircase leading up.
A hobgoblin comes into view.
You see here a murky amethyst potion.
A hobgoblin is nearby!
A hobgoblin is nearby!
j - 2 murky amethyst potions (gained 1)
The hobgoblin shouts!
Casting: Beastly Appendage (safe; 5% risk of failure)
Confirm with . or Enter, or press ? or * to list all spells.
You grow a pair of large bovine horns.
You hit the hobgoblin.
The hobgoblin is severely wounded.
The hobgoblin hits you.
You hit the hobgoblin.
You kill the hobgoblin!
No target in view!
No target in view!
Your transformation is almost over.
Your horns disappear.
You open the door.
There is an open door here.
A water moccasin skeleton comes into view.
A water moccasin skeleton is nearby!
A water moccasin skeleton is nearby!
A water moccasin skeleton is nearby!
A water moccasin skeleton is nearby!
Casting: Beastly Appendage (safe; 5% risk of failure)
Confirm with . or Enter, or press ? or * to list all spells.
You grow a pair of large bovine horns.
The water moccasin skeleton bites you but does no damage.
You barely miss the water moccasin skeleton.
The water moccasin skeleton bites you but does no damage.
You hit the water moccasin skeleton.
The water moccasin skeleton is lightly damaged.
The water moccasin skeleton closely misses you.
You closely miss the water moccasin skeleton.
You headbutt the water moccasin skeleton!
The water moccasin skeleton is heavily damaged.
The water moccasin skeleton bites you.
You hit the water moccasin skeleton but do no damage.
The water moccasin skeleton is heavily damaged.
The water moccasin skeleton closely misses you.
You punch the water moccasin skeleton!
You headbutt the water moccasin skeleton!
You destroy the water moccasin skeleton!
Your Unarmed Combat skill increases to level 5!
Your Transmutations skill increases to level 4!
No target in view!
No target in view!
Your transformation is almost over.
Your horns disappear.
Found 14 bolts.
An adder comes into view.
The adder hisses angrily.
An adder is nearby!
An adder is nearby!
An adder is nearby!
Found a ring mail.
Casting: Beastly Appendage (safe; 4% risk of failure)
Confirm with . or Enter, or press ? or * to list all spells.
You grow a pair of large bovine horns.
The adder bites you but does no damage. The adder completely misses you.
You barely miss the adder. Your headbutt misses the adder. The adder bites you.
You are poisoned.
The adder poisons you!
You hit the adder.
The adder is moderately wounded.
You feel sick. The adder barely misses you.
You closely miss the adder.
The adder is moderately wounded.
You feel sick. The adder barely misses you.
You closely miss the adder.
The adder is moderately wounded.
You feel sick. The adder bites you but does no damage. The adder misses you.
You hit the adder.
The adder is heavily wounded.
You feel sick. The adder bites you but does no damage.
You hit the adder. Your headbutt misses the adder.
The adder is almost dead.
Your transformation is almost over.
You feel sick. The adder bites you but does no damage.
You miss the adder.
The adder is almost dead.
The adder misses you.
You hit the adder but do no damage. Your headbutt misses the adder.
The adder is almost dead.
You feel sick.
You are no longer poisoned.
The adder barely misses you.
You hit the adder.
You kill the adder!
No target in view!
You start resting.
Your horns disappear.
You start resting.
HP restored.
A rat comes into view.
A rat is nearby!
A rat is nearby!
A rat is nearby!
Casting: Beastly Appendage (safe; 4% risk of failure)
Confirm with . or Enter, or press ? or * to list all spells.
You grow a pair of large bovine horns.
You closely miss the rat. The rat closely misses you.
You closely miss the rat. The rat bites you.
You hit the rat.
The rat is heavily wounded.
The rat bites you.
You completely miss the rat.
The rat is heavily wounded.
The rat closely misses you.
You punch the rat!
You kill the rat!
Magic restored.
Your transformation is almost over.
Your horns disappear.
A ball python comes into view.
A ball python is nearby!
A ball python is nearby!
Casting: Beastly Appendage (safe; 4% risk of failure)
Confirm with . or Enter, or press ? or * to list all spells.
You grow a pair of large bovine horns.
The ball python hisses angrily.
The ball python barely misses you. x2
You barely miss the ball python. You headbutt the ball python.
The ball python is heavily wounded.
The ball python closely misses you. The ball python misses you.
You hit the ball python.
You kill the ball python!
No target in view!
No target in view!
Your transformation is almost over.
Your horns disappear.
An endoplasm comes into view.
Found 23 arrows.
An endoplasm is nearby!
An endoplasm is nearby!
An endoplasm is nearby!
Casting: Beastly Appendage (safe; 4% risk of failure)
Confirm with . or Enter, or press ? or * to list all spells.
You grow a pair of large bovine horns.
The endoplasm quivers.
The endoplasm freezes you.
You are frozen.
You hit the endoplasm but do no damage.
The endoplasm hits you but does no damage.
You hit the endoplasm.
The endoplasm is moderately wounded.
You hit the endoplasm.
The endoplasm is almost dead.
The endoplasm hits you but does no damage.
You punch the endoplasm!
You kill the endoplasm!
You have reached level 5!
You feel stronger.
No target in view!
No target in view!
Your transformation is almost over.
Your horns disappear.
A goblin comes into view. It is wielding a +0 club.
The goblin shouts!
You see here 23 arrows.
A goblin is nearby!
A goblin is nearby!
A goblin is nearby!
A goblin is nearby!
Casting: Beastly Appendage (safe; 4% risk of failure)
Confirm with . or Enter, or press ? or * to list all spells.
You grow a pair of large bovine horns.
You hit the goblin. You headbutt the goblin.
You kill the goblin!
No target in view!
No target in view!
Your transformation is almost over.
Found 12 bolts.
Found a leather armour.
Your horns disappear.
Key pressed, stopping explore.
Found a hand axe.
You see here a +0 hand axe.
Found a stone staircase leading down.
d - 3 scrolls labelled ZUILLU URUNO (gained 1)
Found 24 bolts.
Found 23 sling bullets.
Key pressed, stopping explore.
Your legs become a tail as you enter the water.
Your legs become a tail as you enter the water.
Found a stone staircase leading down.
There is a stone staircase leading down here.
Found 10 poisoned darts.
Your legs become a tail as you enter the water.
Your legs become a tail as you enter the water.
Done exploring.
Done exploring.
Done exploring.
Done exploring.
Done exploring.
(D) Dungeon
Where to? (Enter - D:3, ? - help)
There is a stone staircase leading down here.
You climb downwards.
Found Tiodghixt's Jewellery Shop.
There is a stone staircase leading up here.
A goblin is nearby!
A goblin is nearby!
A goblin is nearby!
A goblin is nearby!
Casting: Beastly Appendage (safe; 4% risk of failure)
Confirm with . or Enter, or press ? or * to list all spells.
You grow a pair of large bovine horns.
The goblin hits you but does no damage.
You closely miss the goblin. You punch the goblin.
The goblin is severely wounded.
You miss the goblin. You headbutt the goblin.
You kill the goblin!
Magic restored.
There is a stone staircase leading up here.
Your transformation is almost over.
There is an entrance to Tiodghixt's Jewellery Shop here.
You can access your shopping list by pressing '$'.
You can access your shopping list by pressing '$'.
A hobgoblin comes into view.
Found 13 gold pieces.
A hobgoblin is nearby!
A hobgoblin is nearby!
The hobgoblin shouts!
The hobgoblin hits you.
You barely miss the hobgoblin.
Your horns disappear.
The hobgoblin hits you but does no damage.
You barely miss the hobgoblin. The hobgoblin barely misses you.
You hit the hobgoblin.
The hobgoblin is almost dead.
The hobgoblin barely misses you.
You hit the hobgoblin but do no damage.
The hobgoblin is almost dead.
The hobgoblin completely misses you.
You barely miss the hobgoblin.
The hobgoblin is almost dead.
The hobgoblin closely misses you.
You hit the hobgoblin but do no damage.
The hobgoblin is almost dead.
The hobgoblin hits you.
You hit the hobgoblin.
You kill the hobgoblin!
No target in view!
HP restored.
You see here a hobgoblin corpse.
You now have 101 gold pieces (gained 13).
Edmund the Younger comes into view.
He is wielding a +2 flail of draining and wearing a +1 leather armour of cold resistance.
Edmund is nearby!
Edmund is nearby!
Edmund is nearby!
This spell is quite dangerous to cast!
Memorise Spider Form, consuming 3 spell levels and leaving 4?
You start memorising the spell.
You continue memorising. x3
You finish memorising.
Spell assigned to 'b'.
Okay, then.
Unknown command.
Casting: Beastly Appendage (safe; 4% risk of failure)
Confirm with . or Enter, or press ? or * to list all spells.
The spell is quite dangerous to cast (32% risk of failure)!
Continue anyway? [Y]es or [N]o only, please.
The spell is quite dangerous to cast (32% risk of failure)!
Continue anyway? [Y]es or [N]o only, please.
The spell is quite dangerous to cast (32% risk of failure)!
Continue anyway? [Y]es or [N]o only, please.
The spell is quite dangerous to cast (32% risk of failure)!
Continue anyway?
Okay, then.
Casting: Spider Form (quite dangerous; 32% risk of failure)
Confirm with . or Enter, or press ? or * to list all spells.
The spell is quite dangerous to cast (32% risk of failure)!
Continue anyway?
Uppercase [Y]es or [N]o only, please.
The spell is quite dangerous to cast (32% risk of failure)!
Continue anyway?
Uppercase [Y]es or [N]o only, please.
The spell is quite dangerous to cast (32% risk of failure)!
Continue anyway?
Uppercase [Y]es or [N]o only, please.
The spell is quite dangerous to cast (32% risk of failure)!
Continue anyway?
You turn into a venomous arachnid creature.
Your +0 cloak melds into your body.
Your +0 robe melds into your body.
A kobold comes into view. It is wielding a +0 short sword.
Found a scroll labelled APSAORUUJU.
The kobold shouts!
You hear a shout!
The kobold unwields a +0 short sword.
The kobold wields a +0 hand crossbow.
The kobold shoots a bolt.
The bolt hits you!
Your transformation is almost over.
Edmund barely misses you.
You hit Edmund.
Edmund is poisoned.
Edmund is lightly wounded.
Edmund hits you with a +2 flail of draining!
* * * LOW HITPOINT WARNING * * *
You feel drained.
* * * LOW HITPOINT WARNING * * *
A hobgoblin comes into view.
You hit Edmund but do no damage.
Edmund looks as sick as possible!
Edmund is lightly wounded.
Edmund misses you.
Edmund says, "People think my brother is the best.
I think he's crazy."
Your transformation has ended.
Your +0 cloak unmelds from your body.
Your +0 robe unmelds from your body.
You see here a hobgoblin corpse.
There is an entrance to Tiodghixt's Jewellery Shop here.
A water moccasin skeleton comes into view.
There is a stone staircase leading up here.
Edmund hits you with a +2 flail of draining!
* * * LOW HITPOINT WARNING * * *
You feel drained.
* * * LOW HITPOINT WARNING * * *
You climb upwards.
There is a stone staircase leading down here.
Edmund hits you with a +2 flail of draining!
You die...

###### #.# ##'####### #....# #.#
#........#### #....# #.#
#........#... #######....#####.#
##........#.## .................#
#.........#.# .................#
#.........#.# .................#
#.#......†#.##
...#####.........###.#.#####.#.#.
...#####.....###@..#.#.#.....#.#.
................@#.#.#.#.#####.#.
...#############.#.#...........#.
......(..........#.#...##.######.
#####............#.#......#.#....
......................<#..#.#.##.
..................###..#..#.#.#..
..........................#<.....
...................#...#.####....


You could see Edmund (poisoned).

Vanquished Creatures
  A water moccasin skeleton (D:3)
  An adder (D:3)
  An adder skeleton (D:2)
  A worm (D:2)
  A dart slug (D:1)
  6 ball pythons
  4 bats
  8 endoplasms
  A giant cockroach (D:1)
  8 goblins
  9 hobgoblins
  A quokka (D:1)
  2 frilled lizards (D:1)
  4 kobolds
  6 rats
54 creatures vanquished.

Notes
Turn   | Place    | Note
-------+----------+-------------------------------------------
     0 | D:1      | sleeves the Merfolk Transmuter began the quest for the Orb.
     0 | D:1      | Reached XP level 1. HP: 15/15 MP: 3/3
     9 | D:1      | HP: 7/15 [hobgoblin (2)]
   351 | D:1      | Found Xinkiamn's Antique Weapon Boutique.
   379 | D:1      | Reached skill level 3 in Transmutations
   383 | D:1      | Reached XP level 2. HP: 15/21 MP: 3/5
   494 | D:1      | Found Xargheve's Antique Weapon Boutique.
   630 | D:1      | Reached skill level 4 in Unarmed Combat
  1006 | D:1      | Reached XP level 3. HP: 26/26 MP: 6/6
  1339 | D:2      | Found a glowing golden altar of the Shining One.
  2209 | D:2      | Found a faded altar of an unknown god.
  2369 | D:3      | Reached XP level 4. HP: 32/32 MP: 7/7
  2378 | D:3      | Got the Grimoire of the Shark
  2526 | D:3      | Reached skill level 5 in Unarmed Combat
  2526 | D:3      | Reached skill level 4 in Transmutations
  2751 | D:3      | Reached XP level 5. HP: 33/37 MP: 6/8
  3103 | D:4      | Found Tiodghixt's Jewellery Shop.
  3160 | D:4      | Noticed Edmund
  3168 | D:4      | Learned a level 3 spell: Spider Form
  3176 | D:4      | HP: 17/37 [Edmund (13)]
  3198 | D:4      | HP: 7/35 [Edmund (11)]
  3200 | D:3      | Mangled by Edmund

Illustrated notes

Levels and vault maps discovered:
D:1:      dpeg_arrival_morbid_curiosity, layout_basic, serial_shops,
          nicolae_shop_statue_plus, nicolae_shop_behind_doors
D:2:      layout_loops_ring, shapermc_ecumenical_altar_mp_highgroup,
          basic_altar, minmay_cupped
D:3:      layout_basic, serial_bayou_pond_e
D:4:      layout_loops_ring, ashenzari_altar_1, serial_shops, shop,
          nicolae_stop_n_shop_2, kennysheep_generic_room_8, uniq_robin,
          uniq_edmund

Skill      XL: |  1  2  3  4 |
---------------+-------------+-----
Transmutations | 3 4 |  4.3
Unarmed Combat | 4 5 |  5.3
Fighting       | |  1.1
Dodging        | |  2.6
Spellcasting   | |  2.0

Action                   |  1- 3 |  4- 6 || total
-------------------------+-------+-------++-------
Melee: Unarmed           |   121 |    42 ||   163
       Headbutt          |    13 |     5 ||    18
       Punch             |     4 |     1 ||     5
 Cast: Beastly Appendage |    16 |     8 ||    24
       Spider Form       |       |     1 ||     1
 Stab: Sleeping          |     1 |       ||     1
Armor: Robe              |    40 |    11 ||    51
Dodge: Dodged            |    81 |    21 ||   102

Table legend: (Time is in decaauts)
 A = Elapsed time spent in this place.
 B = Non-inter-level travel time spent in this place.
 C = Inter-level travel time spent in this place.
 D = Time resting spent in this place.
 E = Time spent auto-exploring this place.
 F = Levels seen in this place.
 G = Mean time per level.
                   A        B        C        D        E       F      G
               +--------+--------+--------+--------+--------+-----+--------+
         Total |   3184 |   3067 |    117 |    209 |   2428 |   4 |  796.0 |
       Dungeon |   3184 |   3067 |    117 |    209 |   2428 |   4 |  796.0 |
               +--------+--------+--------+--------+--------+-----+--------+

Top non-repeatable levels by time:
     D:1: 1183 daAuts
     D:2: 1083 daAuts
     D:3: 822 daAuts
     D:4: 94 daAuts
